Map: Orbital Shipyard

Players

GeorgeSC - Winner!

  • Race: Protoss Protoss
  • League: Gold

WildCatBrown

  • Race: Protoss Protoss
  • League: Gold

VOD

Have the link to the VOD?

Description

Time

  • Played on: Jan. 17, 2016, 8:55 a.m.
  • Length: 16:10
Show
View Real Time Build Order
Export as new Build Order

GeorgeSC Protoss - Winner!

Build Orders:  

Get SALT Encoding   

  12  0:01  Probe (Chrono Boost)  
  13  0:12  Probe (Chrono Boost)  
  14  0:18  Pylon  
  14  0:22  Probe (Chrono Boost)  
  15  0:37  Probe (Chrono Boost)  
  15  0:38  Gateway  
  16  0:47  Probe (Chrono Boost)  
  17  0:57  Assimilator  
  17  0:58  Probe (Chrono Boost)  
  18  1:08  Probe (Chrono Boost)  
  19  1:12  Pylon  
  19  1:20  Probe (Chrono Boost)  
  19  1:23  Assimilator  
  20  1:27  Cybernetics Core  
  20  1:30  Probe (Chrono Boost)  
  21  1:41  Probe (Chrono Boost)  
  22  1:51  Probe (Chrono Boost)  
  23  2:00  Nexus  
  25  2:08  Mothership Core (Chrono Boost)  
  25  2:11  Warp Gate (Chrono Boost)  
  25  2:22  Gateway  
  25  2:26  Probe (Chrono Boost)  
  26  2:40  Gateway  
  26  2:51  Robotics Facility  
  26  2:53  Probe (Chrono Boost)  
  27  3:04  Probe (Chrono Boost)  
  28  3:11  Probe  
  28  3:15  Probe  
  30  3:22  Probe  
  31  3:28  Stalker  
  31  3:29  Stalker  
  31  3:32  Probe  
  31  3:33  Pylon  
  36  3:43  Probe  
  37  3:53  Probe  
  37  3:57  Forge  
  37  3:58  Pylon  
  37  4:00  Observer  
  38  4:04  Probe  
  38  4:06  Pylon  
  38  4:07  Probe  
  40  4:12  Assimilator  
  40  4:14  Probe  
  40  4:16  Stalker  
  43  4:19  Probe  
  44  4:25  Probe  
  45  4:31  Probe  
  45  4:32  Assimilator  
  45  4:35  Probe  
  47  4:38  Pylon  
  47  4:42  Immortal  
  47  4:43  Probe  
  52  4:46  Probe  
  52  4:47  Protoss Ground Weapons Level 1 (Chrono Boost)  
  52  4:52  Photon Cannon  
  53  4:56  Probe  
  53  4:59  Stalker  
  56  5:07  Probe  
  56  5:09  Twilight Council  
  57  5:17  Probe  
  57  5:18  Stalker x2  
  62  5:28  Probe  
  63  5:37  Photon Cannon  
  63  5:40  Probe  
  63  5:42  Forge  
  64  5:48  Blink (Chrono Boost)  
  64  5:49  Stalker  
  66  5:50  Stalker x2  
  70  6:08  Nexus  
  70  6:10  Pylon  
  70  6:12  Immortal (Chrono Boost)  
  70  6:16  Protoss Ground Armor Level 1 (Chrono Boost)  
  74  6:20  Protoss Ground Weapons Level 2 (Chrono Boost)  
  74  6:27  Probe  
  74  6:29  Stalker x2  
  79  6:39  Probe  
  80  6:41  Stalker  
  82  6:51  Probe  
  83  6:54  Pylon  
  83  6:59  Pylon  
  83  7:03  Probe  
  84  7:12  Stalker x2  
  84  7:13  Stalker  
  90  7:16  Probe  
  91  7:27  Probe  
  91  7:28  Gateway  
  92  7:32  Gateway  
  92  7:37  Probe  
  93  7:48  Probe  
  94  7:58  Probe  
  87  8:09  Probe  
  78  8:15  Stalker x2  
  78  8:16  Stalker  
  80  8:20  Immortal (Chrono Boost)  
  76  8:43  Probe  
  76  8:46  Protoss Ground Weapons Level 3 (Chrono Boost)  
  77  8:49  Assimilator  
  77  8:51  Mothership Core  
  77  8:53  Protoss Shields Level 1 (Chrono Boost), Assimilator  
  77  8:54  Probe, Immortal (Chrono Boost)  
  83  8:58  Pylon  
  83  9:01  Stalker  
  83  9:02  Stalker x4  
  94  9:04  Probe  
  95  9:12  Gateway  
  95  9:13  Pylon  
  95  9:15  Probe  
  96  9:20  Robotics Facility  
  96  9:25  Probe  
  96  9:30  Stalker  
  96  9:31  Immortal (Chrono Boost)  
  103  9:32  Stalker x4  
  108  10:06  Immortal (Chrono Boost)  
  108  10:09  Immortal (Chrono Boost)  
  116  10:16  Probe  
  117  10:28  Probe  
  120  10:37  Probe, Immortal  
  125  10:46  Protoss Shields Level 2 (Chrono Boost)  
  122  11:00  Pylon  
  122  11:03  Observer  
  123  11:07  Stalker x5  
  133  11:11  Protoss Ground Armor Level 2 (Chrono Boost)  
  133  11:14  Pylon  
  133  11:15  Immortal  
  133  11:18  Pylon  
  137  11:27  Photon Cannon  
  137  11:32  Stalker, Pylon  
  137  11:33  Stalker x5  
  149  11:59  Stalker  
  149  12:00  Stalker x2  
  154  12:06  Stalker x3  
  106  13:13  Stalker x4  
  106  13:14  Stalker  
  106  13:15  Stalker  
  118  13:20  Protoss Shields Level 3 (Chrono Boost)  
  118  13:21  Protoss Ground Armor Level 3 (Chrono Boost)  
  118  13:24  Nexus  
  118  13:27  Pylon  
  118  13:30  Pylon  
  118  13:34  Pylon  
  118  13:36  Assimilator  
  118  13:37  Stalker x2  
  118  13:38  Stalker x4  
  118  13:41  Assimilator  
  130  13:45  Pylon  
  130  14:14  Stalker  
  130  14:15  Stalker x5  
  142  14:39  Stalker  
  142  14:40  Stalker x5  
  154  14:59  Photon Cannon  
  154  15:03  Photon Cannon  
  154  15:04  Stalker x4  
  154  15:05  Stalker  
  154  15:06  Stalker, Photon Cannon  
  166  15:17  Pylon  
  166  15:20  Observer  
  166  15:24  Immortal  
Show
View Real Time Build Order
Export as new Build Order

WildCatBrown Protoss 

Build Orders: 1 Gate Expand 

Get SALT Encoding   

  12  0:01  Probe (Chrono Boost)  
  13  0:11  Probe (Chrono Boost)  
  14  0:21  Pylon  
  14  0:22  Probe (Chrono Boost)  
  15  0:31  Assimilator  
  15  0:39  Probe (Chrono Boost)  
  16  0:47  Gateway  
  17  0:50  Probe (Chrono Boost)  
  17  1:00  Probe (Chrono Boost)  
  18  1:11  Probe (Chrono Boost)  
  19  1:26  Probe (Chrono Boost)  
  19  1:28  Nexus  
  20  1:34  Pylon  
  20  1:40  Probe (Chrono Boost)  
  21  2:01  Probe (Chrono Boost)  
  22  2:03  Assimilator  
  22  2:10  Cybernetics Core, Zealot  
  22  2:15  Probe (Chrono Boost)  
  25  2:26  Probe (Chrono Boost)  
  25  2:37  Probe (Chrono Boost), Gateway  
  25  2:42  Gateway  
  25  2:43  Probe (Chrono Boost)  
  26  2:48  Warp Gate  
  28  2:51  Mothership Core (Chrono Boost)  
  28  2:54  Adept  
  30  2:59  Probe (Chrono Boost)  
  31  3:10  Pylon  
  31  3:17  Probe (Chrono Boost)  
  32  3:21  Adept  
  32  3:26  Probe (Chrono Boost)  
  35  3:27  Probe (Chrono Boost)  
  35  3:32  Stalker  
  38  3:35  Sentry  
  38  3:37  Probe (Chrono Boost)  
  41  3:47  Probe (Chrono Boost)  
  41  3:48  Adept  
  44  3:51  Forge  
  44  4:11  Adept x2  
  44  4:13  Probe x2 (Chrono Boost)  
  50  4:18  Assimilator  
  50  4:23  Assimilator  
  52  4:24  Probe x2 (Chrono Boost)  
  52  4:26  Adept  
  52  4:27  Pylon  
  54  4:31  Protoss Ground Weapons Level 1  
  54  4:46  Probe x2 (Chrono Boost), Pylon  
  56  4:56  Probe x2 (Chrono Boost)  
  58  5:07  Stalker  
  58  5:08  Stalker x2, Pylon  
  64  5:21  Gateway  
  64  5:23  Gateway  
  64  5:24  Probe x2 (Chrono Boost)  
  66  5:30  Gateway  
  66  5:34  Probe (Chrono Boost)  
  66  5:35  Probe (Chrono Boost)  
  68  5:40  Robotics Facility  
  68  5:41  Stalker x2  
  72  5:45  Probe x2 (Chrono Boost)  
  74  5:56  Probe x2 (Chrono Boost)  
  76  6:04  Stalker  
  76  6:05  Pylon  
  78  6:23  Pylon  
  78  6:26  Stalker x3, Pylon  
  78  6:27  Stalker  
  78  6:29  Pylon  
  86  6:33  Protoss Ground Armor Level 1 (Chrono Boost)  
  86  6:39  Warp Prism  
  86  6:40  Twilight Council  
  88  6:58  Stalker  
  88  6:59  Stalker  
  88  7:00  Nexus  
  92  7:05  Assimilator  
  92  7:10  Assimilator  
  92  7:12  Pylon  
  92  7:13  Probe x2, Observer, Robotics Bay  
  95  7:24  Stalker x2  
  95  7:25  Stalker  
  95  7:29  Immortal  
  105  7:40  Robotics Facility  
  105  7:41  Probe x2  
  107  7:52  Photon Cannon  
  107  7:53  Probe  
  107  7:58  Stalker x3  
  90  8:15  Stalker x3  
  74  8:29  Stalker x2  
  74  8:30  Stalker  
  74  8:45  Adept, Disruptor  
  74  8:46  Adept x2  
  83  8:56  Disruptor  
  83  8:59  Stalker x3  
  92  9:11  Stalker x3  
  92  9:14  Blink (Chrono Boost)  
  92  9:17  Probe  
  98  9:18  Probe x2  
  98  9:23  Zealot  
  103  9:24  Zealot x2  
  107  9:39  Stalker x2  
  107  9:40  Stalker  
  113  9:53  Adept x3  
  103  10:08  Stalker x3  
  109  10:15  Immortal, Protoss Ground Weapons Level 2 (Chrono Boost)  
  109  10:20  Immortal  
  117  10:25  Probe  
  117  10:26  Probe x2  
  120  10:35  Probe  
  120  10:38  Probe x2  
  123  10:51  Observer  
  124  10:59  Immortal  
  128  11:07  Immortal  
  128  11:13  Photon Cannon  
  128  11:17  Robotics Facility  
  128  11:18  Robotics Facility  
  132  11:19  Pylon  
  132  11:22  Photon Cannon  
  132  11:37  Pylon  
  132  11:39  Charge (Chrono Boost)  
  132  11:40  Pylon  
  132  11:41  Disruptor  
  132  11:44  Disruptor  
  130  12:19  Warp Prism  
  76  12:38  Stalker x2  
  76  12:39  Stalker x4  
  53  13:03  Immortal (Chrono Boost)  
  62  13:05  Immortal x3 (Chrono Boost)  
  62  13:08  Stalker x3  
  62  13:09  Stalker x2  
  75  13:45  Immortal (Chrono Boost)  
  75  13:57  Nexus  
  75  14:17  Assimilator  
  75  14:22  Assimilator  
  75  15:36  Nexus  
  75  15:39  Adept x4  
  83  15:49  Probe  
  78  16:05  Stalker x2  
  78  16:06  Stalker  
Tags
 
Add a new tag
Caveats
  • Supply blocks, unpowered buildings, or Contaminate may cause inaccurate times.
  • Supply counts are checked every 10 seconds.